 BcadrenCrawl: Boulder Brew version 0.03.2.1-103-g09b4e489ee (webtiles) character file.

Game seed: 9951536910875070980, levelgen mode: deterministic

60 funkygono the Firebug (level 4, 0/24 HPs) Gargoyle Fire Elementalist. Began on Mar 5, 2021. Engulfed by a cloud of flame (5 damage) ... on level 1 of the Dungeon. The game lasted 00:02:09 (555 turns).

funkygono the Firebug (Gargoyle Fire Elementalist)   Turns: 555, Time: 00:02:10

Health: 0/24       AC:  5    Str: 11    XL:     4 ^: 79
Magic:  4/8        EV: 16    Int: 17    God:
Gold:   34         SH:  0    Dex:  5    Spells: 2/8 levels left

rFire    + . .     Vision   .   d - +0 whip
rCold    x . .     Gourm    .   (no weapon)
rNeg     + . .     Faith    .   a - +0 robe
rPois    ∞         Spirit   .   (no helmet)
rElec    +         Reflect  .   (no cloak)
rCorr    .         Harm     .   (no gloves)
MR       .....                  (no boots)
Stlth    ++........             (no amulet)
HPRegen  0.18/turn              b - ring of evasion (curse) {(Curse: MR-)}
MPRegen  0.18/turn              e - ring of fire (curse) {(Curse: MR- Dex-5)}

@: no status effects
A: negative energy resistance 1, electricity resistance, unbreathing,
petrification resistance, rot immunity, AC +3
a: no special abilities


You were on level 1 of the Dungeon.
You were not hungry.

You visited 1 branch of the dungeon, and saw 1 of its levels.

You collected 34 gold pieces.

Inventory:

Weapons
 d - a +0 whip (weapon)
Armour
 a - a +0 robe (worn)
Jewellery
 b - a cursed ring of evasion (left hand) {(Curse: MR-)}
 e - a cursed ring of fire (right hand) {(Curse: MR- Dex-5)}
Potions
 g - a potion of agility
Comestibles
 c - a ration
 f - 10 chunks of flesh


   Skills:
 + Level 1.6 Dodging
 + Level 2.3 Stealth
 * Level 2.8 Spellcasting
 * Level 4.0 Fire Magic


You had 2 spell levels left.
You knew the following spells:

 Your Spells              Type           Power        Failure   Level  Hunger
a - Foxfire               Fire           24 (25)      3%          1    #......
b - Searing Ray           Fire           24 (50)      4%          2    ##.....
c - Inner Flame           Hex/Fire       14 (100)     22%         3    ###....

Your spell library contained the following spells:

 Spells                   Type           Power        Failure   Level  Hunger
 Conjure Flame            Fire           24 (100)     10%         3    ###....
 Sticky Flame             Fire/Pois      14 (100)     58%         4    #####..
 Fireball                 Fire           24 (200)     67%         5    ######.


Dungeon Overview and Level Annotations

Branches:
Dungeon (1/8)

Altars:


Innate Abilities, Weirdness & Mutations

You are resistant to torment.
Your stone body is resilient. (AC +3)
You are immune to poison.
You resist negative energy. (rN+)
You are resistant to electric shocks. (rElec)
You can survive without breathing.
You are immune to petrification.
You are immune to rotting.


Message History

You feel a surge of power!
The hobgoblin is filled with an inner flame.
The hobgoblin barely misses you (0).
Things that are here:
a +0 club; a goblin skeleton
Casting: Inner Flame (safe; 24% risk of failure)
Confirm with . or Enter, or press ? or * to list all spells.
Aiming: Searing Ray (safe; 4% risk of failure)
Press: ? - help, Shift-Dir - straight line, f/p - hobgoblin
Aim: a hobgoblin (healthy (5/5), inner flame)
You feel a surge of power!
The searing ray hits the hobgoblin (3).
The hobgoblin is severely wounded. (2/5) HP (Press . to maintain the ray.)
The searing ray hits the hobgoblin (3).
The hobgoblin explodes!
The fiery explosion engulfs you (19)!! You partially resist.
Ouch! That really hurt!
* * * LOW HITPOINT WARNING * * *
You are engulfed in blazing flames (5).
You resist.
You die...

..≈P♣♣♣.'.≈#≈#≈≈≈#..#
..≈≈≈♣♣####≈#≈##≈#..#
..≈≈P♣♣ ###≈#≈#≈≈#..#
.≈≈≈≈ #.≈≈#≈#<≈'≈≈#
#.###≈≈≈≈#≈>#
#.#.#≈##≈##≈# .
#...#≈≈≈≈##.#
.≈≈########'######..#
.≈♣...........§.@..##
....################
..# #


There were no monsters in sight!

Vanquished Creatures
  3 giant cockroaches (D:1)
  5 goblins (D:1)
  2 hobgoblins (D:1)
  5 kobolds (D:1)
  3 bats (D:1)
18 creatures vanquished.

Vanquished Creatures (others)
  31 foxfires (D:1)
31 creatures vanquished.

Grand Total: 49 creatures vanquished

Notes
Turn   | Place    | Note
-------+----------+-------------------------------------------
     0 | D:1      | funkygono the Gargoyle Fire Elementalist began the quest
                  | for the Orb.
     0 | D:1      | Reached XP level 1. HP: 10/10 MP: 3/3
    35 | D:1      | Reached XP level 2. HP: 15/15 MP: 0/5
   296 | D:1      | Reached XP level 3. HP: 19/19 MP: 3/6
   304 | D:1      | Learned a level 2 spell: Searing Ray
   308 | D:1      | Learned a level 3 spell: Inner Flame
   442 | D:1      | Reached skill level 4 in Fire Magic
   448 | D:1      | Reached XP level 4. HP: 24/24 MP: 2/8
   555 | D:1      | Engulfed by a cloud of flame

Levels and vault maps discovered:
D:1:      ncdulo_wetmaze, layout_basic, serial_bayou_ford_a

Skill      XL: |  1  2  3 |
---------------+----------+-----
Fire Magic     | 4 |  4.0
Dodging        | |  1.6
Stealth        | |  2.3
Spellcasting   | |  2.8

Action                   |  1- 3 |  4- 6 || total
-------------------------+-------+-------++-------
 Cast: Foxfire           |    20 |       ||    20
       Searing Ray       |     4 |     3 ||     7
       Inner Flame       |       |     1 ||     1
Armor: Robe              |     4 |       ||     4
Dodge: Dodged            |     3 |     1 ||     4
